 Dungeon Crawl Stone Soup version 0.23.0-3-gf3c87f2 (webtiles) character file.

Game seed: 8778441893592454086

264 inmateoo the Firebug (level 5, -2/28 HPs)
             Began as a Deep Elf Fire Elementalist on Feb 21, 2019.
             Slain by a worker ant (7 damage)
             ... on level 4 of the Dungeon.
             The game lasted 00:02:48 (2339 turns).

inmateoo the Firebug (Deep Elf Fire Elementalist)   Turns: 2339, Time: 00:02:49

Health: -2/28      AC:  3    Str:  5    XL:     5   Next: 98%
Magic:  5/20       EV: 13    Int: 21    God:
Gold:   144        SH:  0    Dex: 15    Spells: 0/10 levels left

rFire    . . .     SeeInvis .   (no weapon)
rCold    + . .     Gourm    .   (no shield)
rNeg     . . .     Faith    .   a - +0 robe
rPois    .         Spirit   .   h - +0 helmet
rElec    .         Reflect  .   (no cloak)
rCorr    .         Harm     .   (no gloves)
MR       .....                  (no boots)
Stlth    ++........             (no amulet)
HPRegen  0.09/turn              e - ring of protection from cold
MPRegen  0.17/turn              i - ring of magical power

@: lethally poisoned (-2 -> -8), very slightly contaminated
A: no striking features
a: no special abilities


You were on level 4 of the Dungeon.
You were very hungry.

You visited 1 branch of the dungeon, and saw 4 of its levels.

You collected 144 gold pieces.

Inventory:

Missiles
 l - 6 javelins of penetration (quivered)
Armour
 a - a +0 robe (worn)
 h - a +0 helmet (worn)
Jewellery
 e - a ring of protection from cold (left hand)
 i - a ring of magical power (right hand)
Scrolls
 f - 4 scrolls of teleportation
 m - a scroll of identify
Potions
 b - 2 potions of lignification
 d - 2 potions of curing {unknown}
 g - 3 potions of heal wounds {unknown}
 j - 6 potions of haste
 k - a potion of flight {unknown}
 n - 3 potions of mutation {unknown}
 o - 2 potions of degeneration {unknown}
Comestibles
 c - 8 rations


   Skills:
 - Level 2.4 Dodging
 - Level 2.4 Stealth
 - Level 3.0 Spellcasting
 - Level 1.1 Conjurations
 + Level 7.4 Fire Magic


You couldn't memorise any spells.
You knew the following spells:

 Your Spells              Type           Power        Failure   Level  Hunger
a - Flame Tongue          Conj/Fire      ###..        2%          1    None
b - Throw Flame           Conj/Fire      ###...       3%          2    ##.....
c - Conjure Flame         Conj/Fire      ###.....     7%          3    ###....
d - Sticky Flame          Conj/Fire      ###.....     22%         4    ####...

Your spell library contained the following spells:

 Spells                   Type           Power        Failure   Level  Hunger
 Inner Flame              Hex/Fire       ###.....     9%          3    ###....
 Fireball                 Conj/Fire      ###.......   54%         5    ######.


Dungeon Overview and Level Annotations

Branches:
Dungeon (4/15)
 Temple: D:4-7

Altars:


Message History

Casting: Flame Tongue (safe; 2% risk of failure)
Confirm with . or Enter, or press ? or * to list all spells.
Aiming: Flame Tongue (safe; 2% risk of failure)
Press: ? - help, Shift-Dir - straight line, f/p - worker ant
Aim: a worker ant (severely wounded)
The flame tongue hits the worker ant but does no damage.
The worker ant is severely wounded.
The worker ant closely misses you. The worker ant bites you.
* * * LOW HITPOINT WARNING * * *
You are lethally poisoned!
The worker ant poisons you!
Casting: Flame Tongue (safe; 2% risk of failure)
Confirm with . or Enter, or press ? or * to list all spells.
Aiming: Sticky Flame (slightly dangerous; 22% risk of failure)
Press: ? - help, Shift-Dir - straight line, f/p - worker ant
Aim: a worker ant (severely wounded)
You miscast Sticky Flame.
Lukewarm flames ripple over your body.
* * * LOW HITPOINT WARNING * * *
You feel sick. The worker ant bites you!
You die...

### ##.## ##...##
##.....###### ####
#........a@.# ...
##.....####.# #.. ##...##
#.########## ###..#####.##
#......>...#
.......###.###############.##
###..#.#........# #...###
.......a...##.....# #.....#
.....#...#.# #.#.# #...#.#
.... #...#... .. #####.#


You could see a worker ant.

Vanquished Creatures
  A hound (D:4)
  A gnoll shaman (D:3)
  A bullfrog skeleton (D:4)
  A worker ant (D:3)
  4 gnolls (D:3)
  6 adders
  An ooze (D:1)
  2 worms
  A dart slug (D:1)
  3 leopard geckos
  2 orcs (D:3)
  8 bats
  4 giant cockroaches
  4 goblins
  2 jackals (D:1)
  5 kobolds
  2 quokkas (D:3)
  A frilled lizard (D:3)
  4 rats
53 creatures vanquished.

Notes
Turn   | Place    | Note
-------+----------+-------------------------------------------
     0 | D:1      | inmateoo the Deep Elf Fire Elementalist began the quest for
                  | the Orb.
     0 | D:1      | Reached XP level 1. HP: 10/10 MP: 6/6
   122 | D:1      | Reached skill level 4 in Fire Magic
   122 | D:1      | Reached XP level 2. HP: 15/15 MP: 0/8
   825 | D:2      | Learned a level 2 spell: Throw Flame
   829 | D:2      | Reached XP level 3. HP: 19/19 MP: 9/9
   834 | D:2      | Learned a level 3 spell: Conjure Flame
   961 | D:2      | Noticed an ogre
   973 | D:3      | Reached skill level 5 in Fire Magic
  1448 | D:3      | Reached XP level 4. HP: 24/24 MP: 9/10
  1454 | D:3      | Reached skill level 6 in Fire Magic
  1596 | D:3      | Reached XP level 5. HP: 28/28 MP: 11/11
  1614 | D:3      | Learned a level 4 spell: Sticky Flame
  2326 | D:4      | Reached skill level 7 in Fire Magic
  2339 | D:4      | Slain by a worker ant

Skill      XL: |  1  2  3  4  5 |
---------------+----------------+-----
Fire Magic     | 4 5 6 7 |  7.4
Dodging        | |  2.4
Stealth        | |  2.4
Spellcasting   | |  3.0
Conjurations   | |  1.1

Action                   |  1- 3 |  4- 6 || total
-------------------------+-------+-------++-------
Melee: Unarmed           |     2 |       ||     2
 Cast: Flame Tongue      |    55 |    48 ||   103
       Throw Flame       |     4 |       ||     4
       Conjure Flame     |     1 |       ||     1
       Sticky Flame      |       |     3 ||     3
  Use: Scroll            |     3 |     4 ||     7
  Eat: Chunk             |     2 |     2 ||     4
Armor: Robe              |     8 |     3 ||    11
Dodge: Dodged            |    24 |    13 ||    37
